 Dungeon Crawl Stone Soup version 0.30-a0-354-g6b83867211 (webtiles) character file.

Game seed: 4376777450070781418

532 p00ps00p the Trooper (level 7, -4/62 HPs)
             Began as a Hill Orc Fighter on Nov 8, 2022.
             Slain by Duvessa
             ... wielding a +0 rapier
              (7 damage)
             ... on level 4 of the Dungeon.
             The game lasted 00:07:20 (3447 turns).

p00ps00p the Trooper (Hill Orc Fighter)             Turns: 3447, Time: 00:07:22

Health: -4/62      AC:  9    Str: 21    XL:     7   Next: 24%
Magic:  7/7        EV:  6    Int:  8    God:
Gold:   167        SH:  6    Dex: 10    Spells: 6/6 levels left

rFire   . . .      SeeInvis .    q - +5 spear (distort)
rCold   . . .      Faith    .    c - +1 buckler
rNeg    . . .      Spirit   .    b - +0 scale mail
rPois   +          Reflect  .    (no helmet)
rElec   .          Harm     .    j - +0 cloak
rCorr   .          Rampage  .    f - +0 pair of gloves
Will    .....                    (no boots)
Stlth   ..........               (no amulet)
HPRegen 0.30/turn                m - ring of poison resistance
MPRegen 0.10/turn                (no ring)

@: constricted
A: no striking features
a: no special abilities


You were on level 4 of the Dungeon.
You visited 1 branch of the dungeon, and saw 4 of its levels.

You collected 167 gold pieces.

Inventory:

Hand Weapons
 a - a +0 war axe
 p - a +3 spear
 q - a +5 spear of distortion (weapon)
Missiles
 h - 14 poisoned darts (quivered)
Armour
 b - a +0 scale mail (worn)
 c - a +1 buckler (worn)
 f - a +0 pair of gloves (worn)
 j - a +0 cloak (worn)
Jewellery
 m - a ring of poison resistance (left hand)
Scrolls
 e - a scroll of teleportation
 g - 2 scrolls of identify
 r - a scroll of fog {unknown}
Potions
 d - 2 potions of might
 i - 3 potions of mutation
 k - a potion of resistance
 l - 2 potions of degeneration
 n - a potion of attraction {unknown}
 o - 2 potions of flight


   Skills:
 + Level 5.7 Fighting
 + Level 5.5 Axes
 + Level 5.2 Armour
 + Level 5.2 Shields


You had 6 spell levels left.
You didn't know any spells.
Your spell library contained the following spells:

 Spells                   Type           Power      Damage    Failure   Level
 Sting                    Tmut/Pois      0%         1d3       82%         1
 Poisonous Vapours        Pois/Air       0%         N/A       91%         2
 Olgreb's Toxic Radiance  Pois           0%         N/A       100%        4


Dungeon Overview and Level Annotations

Branches:
Dungeon (4/15)
 Temple: D:4-7

Altars:

Annotations:
D:4 Duvessa


Message History

You block the puff of flame.
You hit Dowan.
Space warps around Dowan!
Dowan is heavily wounded.
Duvessa hits you with a +0 rapier! The ball python barely misses you.
The ball python constricts you. Dowan barely misses you.
Duvessa hits you with a +0 rapier!
* * * LOW HITPOINT WARNING * * *
You puncture Dowan!
Space warps horribly around Dowan!!
You kill Dowan!
Duvessa screams, "No!
How DARE you!"
Duvessa goes berserk!
The ball python bites you but does no damage.
The ball python constricts you. Duvessa barely misses you.
The ball python bites you but does no damage.
The ball python constricts you.
* * * LOW HITPOINT WARNING * * *
You hit Duvessa.
Duvessa is lightly wounded.
Duvessa blinks!
Duvessa rages.
You block the ball python's attack. The ball python constricts you.
You block Duvessa's attack.
You hit Duvessa.
Space warps horribly around Duvessa!!
Duvessa is heavily wounded.
Duvessa barely misses you.
The ball python bites you but does no damage.
The ball python constricts you.
You hit Duvessa.
Space warps around Duvessa.
Duvessa is severely wounded.
Duvessa hits you with a +0 rapier.
* * * LOW HITPOINT WARNING * * *
You block the ball python's attack. The ball python constricts you.
You hit Duvessa.
Duvessa is severely wounded.
Duvessa hits you with a +0 rapier!
* * * LOW HITPOINT WARNING * * *
You block the ball python's attack. The ball python constricts you.
* * * LOW HITPOINT WARNING * * *
Duvessa hits you with a +0 rapier!
You die...

####.#.#
##.......##
##.#.# ###.#
##....?## #...#
... ##...##
#.### .... ##+#
#.# #.#.# #. #.#
#.#.# #. #.#
###.####### #.#
#...e.....# #.#
#..)@.###.# #.#
#..S§####.###.#
#.#.#.........#
.......###.#####
###.#. ## #.#
#.#. #.# # (.
..# #. ###


You could see Duvessa (berserk, fast) and a ball python.

Vanquished Creatures
  Grinder (D:3)
  Dowan (D:4)
  An orc priest (D:2)
  Jessica (D:3)
  Natasha (thrice) (D:3)
  Robin (D:4)
  6 adders
  2 worms
  4 dart slugs
  2 orcs (D:2)
  5 bats
  4 endoplasms
  3 giant cockroaches
  14 goblins
  12 hobgoblins
  5 kobolds
  4 quokkas
  3 ball pythons
  2 frilled lizards
  6 rats
80 creatures vanquished.

Notes
Turn   | Place    | Note
-------+----------+-------------------------------------------
     0 | D:1      | p00ps00p the Hill Orc Fighter began the quest for the Orb.
     0 | D:1      | Reached XP level 1. HP: 19/19 MP: 1/1
   132 | D:1      | Reached XP level 2. HP: 27/27 MP: 2/2
   610 | D:1      | Found a faded altar of an unknown god.
   878 | D:2      | Reached XP level 3. HP: 15/33 MP: 3/3
  1349 | D:2      | Reached XP level 4. HP: 22/41 MP: 4/4
  1963 | D:3      | Noticed Grinder
  1972 | D:3      | Paralysed by Grinder for 5 turns
  1979 | D:3      | Paralysed by Grinder for 2 turns
  1985 | D:3      | Killed Grinder
  1986 | D:3      | Reached skill level 5 in Fighting
  1986 | D:3      | Reached XP level 5. HP: 29/48 MP: 5/5
  1986 | D:3      | Reached XP level 6. HP: 34/56 MP: 6/6
  2569 | D:3      | Noticed Jessica
  2575 | D:3      | Killed Jessica
  2620 | D:3      | Reached skill level 5 in Axes
  2685 | D:3      | Noticed Natasha
  2694 | D:3      | Killed Natasha
  2972 | D:3      | Noticed Natasha
  2987 | D:3      | Killed Natasha
  2988 | D:3      | Reached skill level 5 in Armour
  2988 | D:3      | Reached skill level 5 in Shields
  3088 | D:3      | Noticed Natasha
  3096 | D:3      | Killed Natasha
  3097 | D:3      | Reached XP level 7. HP: 56/61 MP: 7/7
  3219 | D:4      | Noticed Robin
  3261 | D:4      | Killed Robin
  3434 | D:4      | Noticed Duvessa
  3435 | D:4      | Noticed Dowan
  3443 | D:4      | Killed Dowan
  3447 | D:4      | HP: 3/62 [constriction (1)]
  3447 | D:4      | Slain by Duvessa

Illustrated notes

Levels and vault maps discovered:
D:1:      dpeg_arrival_houses_and_road, layout_basic,
          shapermc_ecumenical_altar_mp_vishouse
D:2:      layout_loops_ring, minmay_indecisive_spiral
D:3:      layout_loops_ring, minmay_surrounded, uniq_natasha, uniq_jessica,
          uniq_grinder
D:4:      layout_loops_corners, uniq_crazy_yiuf_cottage, uniq_duvessa,
          uniq_robin, uniq_eustachio

Skill      XL: |  1  2  3  4  5  6 |
---------------+-------------------+-----
Axes           | 3 4 5 |  5.5
Fighting       | 4 5 |  5.7
Armour         | 4 5 |  5.2
Shields        | 4 5 |  5.2

Action                   |  1- 3 |  4- 6 |  7- 9 || total
-------------------------+-------+-------+-------++-------
Melee: War axe           |    93 |   123 |    35 ||   251
       Spear             |       |       |    10 ||    10
  Use: Scroll            |       |     9 |       ||     9
Armor: Scale mail        |    62 |    56 |    26 ||   144
Dodge: Dodged            |    54 |    56 |    19 ||   129
Block: Buckler           |    15 |    32 |    16 ||    63

Table legend: (Time is in decaauts)
 A = Elapsed time spent in this place.
 B = Non-inter-level travel time spent in this place.
 C = Inter-level travel time spent in this place.
 D = Time resting spent in this place.
 E = Time spent auto-exploring this place.
 F = Levels seen in this place.
 G = Mean time per level.
                   A        B        C        D        E       F      G
               +--------+--------+--------+--------+--------+-----+--------+
         Total |   3535 |   3430 |    105 |    865 |   1706 |   4 |  883.8 |
       Dungeon |   3535 |   3430 |    105 |    865 |   1706 |   4 |  883.8 |
               +--------+--------+--------+--------+--------+-----+--------+

Top non-repeatable levels by time:
     D:3: 1289 daAuts
     D:2: 1195 daAuts
     D:1: 778 daAuts
     D:4: 272 daAuts
